 Seeded DCSS version 0.30.1-4-g462c640d31 (webtiles) character file.

Game seed: 16738777312109589736 (custom seed)

475 Mune the Conjurer (level 7, 0/36 HPs)
             Began as a Gargoyle Fire Elementalist on Aug 22, 2023.
             Slain by a lemure (6 damage)
             ... led by Pikel
             ... on level 4 of the Dungeon.
             The game lasted 00:08:46 (5618 turns).

Mune the Conjurer (Gargoyle Fire Elementalist)      Turns: 5618, Time: 00:08:46

Health: 0/36       AC:  7    Str: 12    XL:     7   Next: 10%
Magic:  8/19       EV: 12    Int: 17    God:
Gold:   229        SH:  0    Dex: 16    Spells: 9/10 levels left

rFire   . . .        g - +3 dagger
rCold   . . .        (no shield)
rNeg    + . .        a - +0 robe
rPois   ∞            (no helmet)
rElec   +            s - scarf {harm}
rCorr   .            l - +0 pair of gloves
SInv    .            (no boots)
Will    .....        (no amulet)
Stlth   ++           k - +6 ring of dexterity
HPRegen 0.26/turn    n - ring of magical power
MPRegen 0.16/turn

%: harm (+30% outgoing, +20% incoming)
@: no status effects
A: sickness immunity, AC +4, negative energy resistance 1, electricity
resistance, torment resistance 1, petrification resistance
a: no special abilities


You were on level 4 of the Dungeon.
You visited 1 branch of the dungeon, and saw 4 of its levels.
You also visited: Sewer.

You collected 229 gold pieces.

Inventory:

Hand Weapons
 g - a +3 dagger (weapon)
Armour
 a - a +0 robe (worn)
 l - a +0 pair of gloves (worn)
 s - a scarf of harm (worn)
 y - an orb of light
Jewellery
 k - a +6 ring of dexterity (left hand)
 n - a ring of magical power (right hand)
 x - a ring of resist corrosion
 z - a ring of see invisible
Wands
 r - a wand of flame (35)
Scrolls
 c - 4 scrolls of fear
 e - 3 scrolls of vulnerability {unknown}
 i - 2 scrolls of summoning {unknown}
 j - 2 scrolls of teleportation {unknown}
 o - 2 scrolls of poison {unknown}
 q - a scroll of silence {unknown}
 t - a scroll of blinking {unknown}
 w - 4 scrolls of identify
Potions
 b - a potion of magic
 d - 2 potions of heal wounds
 f - a potion of mutation
 h - 3 potions of curing
 m - 2 potions of degeneration {unknown}
 p - a potion of brilliance
 u - 5 potions of flight
 v - a potion of invisibility {unknown}


   Skills:
 - Level 1.5 Dodging
 - Level 2.1 Stealth
 - Level 2.0 Spellcasting
 + Level 7.9 Conjurations
 - Level 3.0 Fire Magic


You had 9 spell levels left.
You knew the following spells:

 Your Spells              Type           Power      Damage    Failure   Level
a - Foxfire               Conj/Fire      80%        2x1d8     1%          1

Your spell library contained the following spells:

 Spells                   Type           Power      Damage    Failure   Level
 Kiss of Death            Conj/Necr      60%        2d10      3%          1
 Shock                    Conj/Air       60%        1d6       3%          1
 Scorch                   Fire           22%        2d5       9%          2
 Flame Wave               Conj/Fire      20%        2d7       21%         4
 Inner Flame              Hex/Fire       6%         N/A       30%         3
 Volatile Blastmotes      Fire/Tloc      12%        2d11      30%         3
 Confusing Touch          Hex            1%         N/A       50%         3
 Swiftness                Air            1%         N/A       50%         3
 Vhi's Electric Charge    Tloc/Air       2%         N/A       50%         3
 Arcjolt                  Conj/Air       7%         1d17      71%         5
 Airstrike                Air            0%         2d(1-17)  88%         4
 Dispel Undead            Necr           1%         3d6       88%         4
 Summon Lightning Spire   Summ/Air       1%         N/A       88%         4
 Plasma Beam              Fire/Air       3%         2x1d14    100%        6
 Storm Form               Tmut/Air       0%         N/A       100%        7
 Maxwell's Capacitive Co  Air            0%         ∞         100%        8


Dungeon Overview and Level Annotations

Branches:
Dungeon (4/15)              Sewer (visited)
 Temple: D:4-7

Altars:
Ashenzari
Gozag
The Shining One

Shops:
D:1 *   D:4 *

Annotations:
D:4 Pikel


Innate Abilities, Weirdness & Mutations

You are immune to sickness and miasma.
Your stone body is resilient. (AC +4)
You are immune to poison.
You resist negative energy. (rN+)
You are resistant to electric shocks. (rElec)
You are resistant to unholy torment.
You are immune to petrification.


Message History

Pikel is heavily wounded.
The foxfire hits Pikel!
Pikel is severely wounded.
The foxfire hits Pikel but does no damage.
Pikel is severely wounded.
Pikel hits you with a +2 whip of freezing!
Pikel freezes you. The lemure closely misses you.
The lemure completely misses you.
Casting: Foxfire (safe; 1% risk of failure)
Confirm with . or Enter, or press ? or * to list all spells.
You conjure some foxfire!
Pikel misses you. The lemure hits you but does no damage.
The lemure closely misses you.
You hit Pikel but do no damage.
Pikel is severely wounded.
The foxfire hits Pikel but does no damage.
Pikel is severely wounded.
The foxfire hits Pikel but does no damage.
Pikel is severely wounded.
Pikel hits you with a +2 whip of freezing.
* * * LOW HITPOINT WARNING * * *
Pikel freezes you.
* * * LOW HITPOINT WARNING * * *
The lemure hits you but does no damage. The lemure closely misses you.
You feel much better.
Pikel hits you with a +2 whip of freezing.
Pikel freezes you.
The lemure hits you but does no damage. x2
Casting: Foxfire (safe; 1% risk of failure)
Confirm with . or Enter, or press ? or * to list all spells.
You conjure some foxfire!
Pikel barely misses you. The lemure barely misses you. The lemure hits you.
You hit Pikel but do no damage.
Pikel is severely wounded.
The foxfire hits Pikel.
Pikel is severely wounded.
The foxfire hits Pikel.
Pikel is severely wounded.
Pikel misses you. The lemure hits you.
* * * LOW HITPOINT WARNING * * *
The lemure hits you.
You die...

### ########### #.#
#.........5
######.########§.5.......
................@K.......
######..........#5#######
##.)########.§.......(
####...##########.#######
#.. ..................#
#..## ........#########.#
## .....
..##.##............ ..
.##...)
...#.#....#.##.##.# #.
#.#.....
.#.....#..#....##.#
##.##.###.##


You could see Pikel and 2 lemures.

Vanquished Creatures
  2 lemures (D:4)
  Ijyb (D:4)
  Jessica (D:2)
  3 iguanas (D:4)
  2 orc wizards (D:4)
  6 gnolls (D:4)
  4 adders
  10 river rats
  2 worms (Sewer)
  5 dart slugs
  5 orcs
  11 bats
  7 endoplasms
  7 giant cockroaches
  6 hobgoblins
  4 jackals (Sewer)
  4 quokkas
  11 ball pythons
  8 frilled lizards
  6 goblins
  4 rats
109 creatures vanquished.

Vanquished Creatures (others)
  694 foxfires
694 creatures vanquished.

Grand Total: 803 creatures vanquished

Notes
Turn   | Place    | Note
-------+----------+-------------------------------------------
     0 | D:1      | Mune the Gargoyle Fire Elementalist began the quest for the
                  | Orb.
     0 | D:1      | Reached XP level 1. HP: 10/10 MP: 3/3
   193 | D:1      | Reached skill level 2 in Conjurations
   306 | D:1      | Reached XP level 2. HP: 15/15 MP: 0/5
   695 | D:1      | Found Liawk's General Store.
   929 | D:1      | Reached skill level 3 in Conjurations
  1019 | D:1      | Reached XP level 3. HP: 19/19 MP: 4/6
  1577 | D:2      | Noticed Jessica
  1581 | D:2      | Killed Jessica
  1582 | D:2      | Reached skill level 4 in Conjurations
  1582 | D:2      | Reached XP level 4. HP: 24/24 MP: 7/7
  2139 | D:2      | Found a broken altar of Ashenzari.
  2287 | D:3      | You fall into a shaft and drop 1 floor!
  2451 | D:4      | Noticed Ijyb
  2467 | D:4      | Killed Ijyb
  2470 | D:4      | Reached skill level 5 in Conjurations
  2599 | D:4      | Reached XP level 5. HP: 28/28 MP: 8/8
  2609 | D:4      | Found a glowing drain.
  2707 | Sewer    | Entered a sewer
  2815 | Sewer    | Reached skill level 6 in Conjurations
  3377 | Sewer    | Reached XP level 6. HP: 32/32 MP: 9/9
  4090 | D:4      | Reached skill level 7 in Conjurations
  4396 | D:3      | Found a faded altar of an unknown god.
  4527 | D:3      | Found a glowing golden altar of the Shining One.
  5070 | D:4      | Reached XP level 7. HP: 32/36 MP: 5/10
  5193 | D:4      | Found an opulent altar of Gozag.
  5410 | D:4      | Found Pylamu's General Store.
  5598 | D:4      | Noticed Pikel
  5618 | D:4      | Slain by a lemure

Illustrated notes

Levels and vault maps discovered:
D:1:      lemuel_arrival_broad_hall, layout_basic, serial_shops,
          nicolae_shop_crystal
D:2:      layout_basic, basic_altar, minmay_stone_trees_small, uniq_jessica
D:3:      layout_rooms, mainiacjoe_overflow_24_doors,
          dreamdust_ecumenical_altar_statues
D:4:      layout_basic, mainiacjoe_overflow_small_starburst, serial_rivers,
          chequers_serial_rivers_large_b, chequers_serial_rivers_micro_b,
          chequers_serial_rivers_micro_a, chequers_serial_rivers_micro_b,
          chequers_serial_rivers_micro_b, chequers_serial_rivers_small_3,
          portal_sewer_entry_a, serial_shops, shop, uniq_ijyb, uniq_pikel

Skill      XL: |  1  2  3  4  5  6 |
---------------+-------------------+-----
Conjurations   | 2 3 4 5 6 7 |  7.9
Dodging        | |  1.5
Stealth        | |  2.1
Spellcasting   | |  2.0
Fire Magic     | |  3.0

Action                     |  1- 3 |  4- 6 |  7- 9 || total
---------------------------+-------+-------+-------++-------
  Melee: Unarmed           |     7 |       |       ||     7
         Dagger            |       |     7 |     3 ||    10
   Cast: Foxfire           |    66 |   279 |    52 ||   397
    Use: Scroll            |       |     4 |       ||     4
         Potion            |       |       |     2 ||     2
 Armour: Robe              |       |    15 |     5 ||    20
  Dodge: Dodged            |     4 |    32 |    16 ||    52
